Map: [ESL] Oceanborn

Players

Harstem - Winner!

  • Race: Protoss Protoss
  • League: Grandmaster
  • Spawn Location: 5:00

DnS

  • Race: Protoss Protoss
  • Spawn Location: 11:00

Event: HomeStory Cup XXIV

VOD

Have the link to the VOD?

Description

Time

  • Played on: Dec. 1, 2023, 10:20 a.m.
  • Length: 6:25

All games in this series

Show
View Real Time Build Order
Export as new Build Order

Harstem Protoss - Winner!

Build Orders: Oracle Opening 

Get SALT Encoding   

  12  0:00  Probe  
  13  0:12  Probe  
  14  0:17  Pylon  
  14  0:24  Probe  
  15  0:35  Gateway  
  15  0:36  Probe (Chrono Boost)  
  16  0:46  Assimilator, Probe (Chrono Boost)  
  17  0:51  Probe (Chrono Boost)  
  17  0:55  Assimilator  
  18  1:03  Probe (Chrono Boost)  
  19  1:07  Gateway  
  19  1:13  Probe (Chrono Boost)  
  19  1:18  Probe (Chrono Boost)  
  20  1:22  Cybernetics Core  
  21  1:29  Probe  
  22  1:38  Pylon  
  22  1:41  Probe  
  23  1:51  Pylon  
  23  1:58  Stargate  
  23  2:02  Warp Gate  
  23  2:09  Probe, Adept  
  23  2:15  Stalker  
  28  2:20  Pylon  
  28  2:24  Probe  
  29  2:40  Oracle (Chrono Boost)  
  31  2:50  Probe  
  36  2:54  Stalker  
  34  3:01  Stalker  
  37  3:09  Shield Battery  
  37  3:13  Pylon  
  36  3:20  Probe  
  37  3:30  Nexus  
  37  3:32  Probe  
  38  3:41  Twilight Council  
  38  3:44  Probe  
  39  3:49  Stalker  
  41  3:56  Probe  
  42  4:08  Probe  
  42  4:09  Blink (Chrono Boost)  
  43  4:13  Gateway  
  41  4:19  Stalker  
  41  4:21  Probe  
  44  4:26  Stalker  
  46  4:33  Probe  
  47  4:43  Probe  
  47  4:44  Stalker  
  50  4:48  Probe  
  50  4:52  Stalker  
  53  4:55  Probe  
  53  4:59  Pylon  
  54  5:00  Probe  
  55  5:10  Stalker  
  55  5:12  Probe  
  58  5:17  Stalker  
  58  5:19  Pylon  
  58  5:20  Stalker  
  62  5:22  Probe  
  61  5:29  Probe  
  63  5:35  Probe  
  63  5:37  Stalker  
  63  5:42  Stalker  
  68  5:43  Stalker  
  69  5:56  Probe  
  70  6:00  Nexus, Stalker  
  72  6:09  Stalker x2  
Show
View Real Time Build Order
Export as new Build Order

DnS Protoss 

Build Orders: Oracle Opening 

Get SALT Encoding   

  12  0:00  Probe  
  13  0:12  Probe  
  14  0:18  Pylon  
  14  0:24  Probe (Chrono Boost)  
  15  0:36  Probe (Chrono Boost)  
  15  0:38  Gateway  
  16  0:44  Probe (Chrono Boost)  
  16  0:46  Assimilator  
  17  0:51  Probe  
  17  0:54  Assimilator  
  18  1:03  Probe (Chrono Boost)  
  19  1:07  Gateway  
  19  1:12  Probe (Chrono Boost)  
  19  1:17  Probe (Chrono Boost)  
  20  1:24  Cybernetics Core  
  21  1:29  Probe  
  22  1:35  Pylon  
  22  1:41  Probe  
  23  1:53  Probe  
  24  2:00  Adept x2  
  24  2:01  Warp Gate  
  28  2:06  Pylon  
  28  2:19  Probe  
  29  2:32  Stalker x2  
  33  2:40  Stargate  
  33  2:50  Pylon  
  32  3:09  Nexus  
  32  3:14  Shield Battery  
  32  3:20  Probe  
  32  3:21  Shield Battery  
  31  3:27  Oracle (Chrono Boost)  
  34  3:35  Probe  
  35  3:47  Pylon  
  35  3:49  Probe, Stalker  
  38  4:07  Phoenix  
  40  4:15  Stalker  
  40  4:16  Probe  
  41  4:18  Twilight Council  
  41  4:22  Stalker  
  43  4:25  Probe  
  44  4:32  Probe (Chrono Boost)  
  44  4:37  Probe (Chrono Boost)  
  46  4:44  Probe (Chrono Boost)  
  47  4:47  Probe (Chrono Boost)  
  47  4:49  Probe (Chrono Boost)  
  47  4:51  Stalker  
  47  4:52  Probe (Chrono Boost)  
  48  4:57  Stalker  
  48  4:58  Probe  
  52  5:05  Probe  
  53  5:10  Probe  
  54  5:20  Robotics Facility  
  54  5:25  Pylon  
  54  5:40  Nexus  
  54  5:43  Probe x2  
  54  5:45  Stalker x2  
  60  5:53  Pylon  
  60  5:55  Probe x2  
  62  5:57  Shield Battery  
  59  6:15  Stalker  
  57  6:19  Pylon  
  57  6:20  Stalker  
Tags
 
Add a new tag
Caveats
  • Supply blocks, unpowered buildings, or Contaminate may cause inaccurate times.
  • Supply counts are checked every 10 seconds.